AoeStats
← jo8313

Arabia

510558699Analyzed
1v1 RM · 14h ago on Oct 1, 2026· 73m 1s· 2 players
Game mode
Random Map
Map size
Tiny (2 player)
Population
200
Speed
Normal
Resources
Standard
Victory
Conquest
Starting age
Dark Age
Ending age
Imperial Age
RankedLock teamsTeams togetherTeam positionsShared explorationLock speedFull tech treeHidden civsTurbo modeCheats
Victory
Defeat
🇩🇪 Persians · Germany
1425
+19
🇫🇷 Ethiopians · France
1484
-19
jo8313
6:44 Loom
8:42 Feudal Age
9:52 Double-Bit Axe
13:05 Fletching
14:17 Padded Archer Armor
20:08 Castle Age
18:56 Gold Mining
20:11 Crossbowman
20:47 Bodkin Arrow
20:56 Town Watch
21:47 Wheelbarrow
20:55 Horse Collar
21:41 Bow Saw
23:17 Gold Shaft Mining
23:52 Ballistics
23:53 Leather Archer Armor
26:24 Thumb Ring
28:12 Hand Cart
28:17 Heavy Plow
33:10 Stone Mining
35:52 Imperial Age
36:35 Bracer
37:06 Ring Archer Armor
37:38 Chemistry
36:13 Arbalester
38:19 Conscription
38:37 Masonry
40:12 Architecture
40:32 Scale Mail Armor
40:43 Forging
42:08 Chain Mail Armor
44:00 Plate Mail Armor
44:34 Halberdier
45:18 Squires
45:04 Arson
47:35 Iron Casting
54:10 Elite Skirmisher
59:55 Two-Man Saw
59:31 Stone Shaft Mining
62:36 Light Cavalry
63:36 Husbandry
65:30 Hussar
66:57 Scale Barding Armor
68:26 Chain Barding Armor
70:50 Blast Furnace
Bitter Lemon
6:00 Loom
8:28 Feudal Age
9:26 Double-Bit Axe
18:35 Castle Age
16:51 Padded Archer Armor
18:11 Scale Barding Armor
18:28 Horse Collar
19:20 Bow Saw
19:25 Forging
22:35 Bloodlines
23:57 Chain Barding Armor
25:30 Wheelbarrow
27:42 Husbandry
29:24 Town Watch
30:35 Hand Cart
30:24 Heavy Plow
36:08 Imperial Age
34:01 Fletching
35:13 Bodkin Arrow
35:54 Cavalier
37:31 Plate Barding Armor
38:29 Conscription
37:57 Savar
39:57 Iron Casting
42:59 Kamandaran
44:15 Blast Furnace
43:30 Leather Archer Armor
43:29 Gold Mining
43:30 Stone Mining
44:13 Thumb Ring
44:47 Ballistics
45:27 Chemistry
44:09 Crossbowman
45:52 Murder Holes
46:08 Masonry
45:28 Light Cavalry
47:17 Hussar
50:06 Ring Archer Armor
50:41 Two-Man Saw
50:12 Crop Rotation
57:38 Elite Skirmisher
62:12 Hoardings
63:57 Architecture
66:36 Citadels
67:22 Pikeman
68:10 Elite War Elephant
70:22 Guard Tower
Connection lost

Rejoining the realm…

Still unreachable

The connection could not be restored.

Session expired

The server has moved on; the page needs a fresh start.